 Dungeon Crawl Stone Soup version 0.30.1-3-gfc49f6343a (webtiles) character file.

Game seed: 7527202003756323630

16 Zeor the Trooper (level 2, -3/19 HPs)
             Began as a Gargoyle Monk on July 24, 2023.
             Slain by a worm (9 damage)
             ... on level 1 of the Dungeon.
             The game lasted 00:01:17 (804 turns).

Zeor the Trooper (Gargoyle Monk)                     Turns: 804, Time: 00:01:18

Health: -3/19      AC:  5    Str: 14    XL:     2   Next: 54%
Magic:  2/2        EV: 12    Int: 10    God:
Gold:   48         SH:  0    Dex: 12    Spells: 1/1 levels left

rFire   . . .        a - +0 mace
rCold   . . .        d - orb {light}
rNeg    + . .        b - +0 robe
rPois   ∞            (no helmet)
rElec   +            (no cloak)
rCorr   .            (no gloves)
SInv    .            g - +0 pair of boots
Will    .....        (no amulet)
Stlth   +            (no ring)
HPRegen 0.23/turn    (no ring)
MPRegen 0.08/turn

%: no passive effects
@: glowing
A: sickness immunity, AC +2, negative energy resistance 1, electricity
resistance, torment resistance 1, petrification resistance
a: no special abilities


You were on level 1 of the Dungeon.
You visited 1 branch of the dungeon, and saw 2 of its levels.

You collected 48 gold pieces.

Inventory:

Hand Weapons
 a - a +0 mace (weapon)
 h - a +0 executioner's axe
Armour
 b - a +0 robe (worn)
 d - an orb of light (worn)
 g - a +0 pair of boots (worn)
Scrolls
 e - a scroll of teleportation {unknown}
 f - a scroll of brand weapon {unknown}
Potions
 c - a potion of ambrosia


   Skills:
 + Level 3.5 Fighting
 + Level 3.3 Maces & Flails
 + Level 2.6 Dodging


You had one spell level left.
You didn't know any spells.
Your spell library was empty.

Dungeon Overview and Level Annotations

Branches:
Dungeon (2/15)

Altars:


Innate Abilities, Weirdness & Mutations

You are immune to sickness and miasma.
Your stone body is resilient. (AC +2)
You are immune to poison.
You resist negative energy. (rN+)
You are resistant to electric shocks. (rElec)
You are resistant to unholy torment.
You are immune to petrification.


Message History

The dart slug is almost dead.
The dart slug launches a dart at you.
The slug dart hits you but does no damage.
You hit the dart slug.
You kill the dart slug!
Found a mace.
You see here a +0 mace.
Found a stone staircase leading down.
There is a stone staircase leading down here.
There is a stone staircase leading down here.
You see here a +0 mace.
Done exploring.
Done exploring.
You see here a dart slug corpse.
You see here a +0 mace.
There is a stone staircase leading down here.
You climb downwards.
Found a scroll labelled GUSHEU UHEUCW.
Found a stone staircase leading down.
There is a stone staircase leading up here.
You thump the worm!
The worm is heavily wounded.
You hit the worm but do no damage.
The worm is heavily wounded.
The worm bites you.
You hit the worm.
The worm is heavily wounded.
The quokka barely misses you. The worm misses you. The rat closely misses you.
There is a stone staircase leading up here.
The quokka bites you but does no damage.
The rat misses you. The quokka barely misses you.
You climb upwards.
There is a stone staircase leading down here.
You hit the worm.
The worm is severely wounded.
The rat misses you. The worm bites you!
You hit the rat.
You kill the rat!
The worm bites you!
You die...

▒∙▒ ▒∙▒ ▒▒▒▒▒▒∙▒ ▒∙▒
∙∙∙∙∙∙∙▒ ▒∙▒ ▒▒▒▒▒▒▒▒ ▒∙▒
▒▒▒▒ ▒∙▒ ∙∙∙▒ ▒∙▒ ▒▒∙▒ ▒∙▒
▒▒∙▒ ▒∙▒▒▒▒▒▒▒ ▒∙▒
▒rw9∙∙∙∙▒ ▒∙▒ ▒▒▒▒▒▒▒∙▒
▒▒∙▒▒▒▒▒▒▒▒▒▒ ▒▒▒▒
∙∙∙∙∙∙∙∙∙∙∙∙▒ ▒<▒▒▒▒
∙∙∙∙▒▒▒▒▒▒▒∙▒ ▒∙▒▒∙▒▒
∙∙∙∙▒▒▒▒▒▒▒∙▒▒▒▒▒▒▒∙▒∙▒∙▒▒
▒▒▒∙▒∙∙∙∙∙∙∙∙∙∙∙∙▒▒∙▒▒▒▒∙▒▒
▒∙▒∙▒▒▒▒▒∙▒▒▒▒∙'∙∙>▒∙▒▒∙▒
▒∙∙∙∙∙∙∙∙∙▒ ▒∙▒▒▒▒▒∙▒∙▒▒


You could see a worm and a quokka.

Vanquished Creatures
  A dart slug (D:1)
  2 endoplasms (D:1)
  2 hobgoblins (D:1)
  A kobold (D:1)
  2 quokkas (D:1)
  A ball python (D:1)
  A bat (D:1)
  2 frilled lizards (D:1)
  2 rats (D:1)
14 creatures vanquished.

Notes
Turn   | Place    | Note
-------+----------+-------------------------------------------
     0 | D:1      | Zeor the Gargoyle Monk began the quest for the Orb.
     0 | D:1      | Reached XP level 1. HP: 14/14 MP: 1/1
   196 | D:1      | Reached XP level 2. HP: 12/19 MP: 2/2
   804 | D:1      | Slain by a worm

Illustrated notes

Levels and vault maps discovered:
D:1:      amcnicky_arrival_choice, layout_loops_ring
D:2:      layout_rooms, skrybe_limestone_x, nicolae_wormholes

Action                     || total
---------------------------++-------
  Melee: Mace              ||    45
 Armour: Robe              ||    10
  Dodge: Dodged            ||    35
